 Dungeon Crawl Stone Soup version 0.28.0-45-g0d030f2227 (webtiles) character file.

Game seed: 12893650482220220555

117 seaoflcl the Covered (level 5, 0/41 HPs)
             Began as a Human Fighter on Apr 10, 2022.
             Slain by an ufetubus (1 damage)
             ... on level 5 of the Dungeon.
             The game lasted 00:06:07 (2649 turns).

seaoflcl the Covered (Human Fighter)                Turns: 2649, Time: 00:06:08

Health: 0/41       AC:  7    Str: 16    XL:     5   Next: 22%
Magic:  5/5        EV: 13    Int:  8    God:
Gold:   91         SH:  5    Dex: 15    Spells: 4/4 levels left

rFire   . . .      SeeInvis .   a - +0 long sword
rCold   . . .      Faith    .   c - +0 buckler
rNeg    . . .      Spirit   .   b - +0 scale mail
rPois   .          Reflect  .   (no helmet)
rElec   .          Harm     .   (no cloak)
rCorr   .          Rampage  .   (no gloves)
Will    .....                   (no boots)
Stlth   ..........              (no amulet)
HPRegen 0.13/turn               f - +4 ring of evasion
MPRegen 0.09/turn               (no ring)

@: no status effects
A: no striking features
a: no special abilities


You were on level 5 of the Dungeon.
You visited 1 branch of the dungeon, and saw 4 of its levels.

You collected 91 gold pieces.

Inventory:

Hand Weapons
 a - a +0 long sword (weapon)
Armour
 b - a +0 scale mail (worn)
 c - a +0 buckler (worn)
Jewellery
 f - a +4 ring of evasion (left hand)
Potions
 d - a potion of might
 g - a potion of ambrosia {unknown}
 i - a potion of degeneration {unknown}


   Skills:
 + Level 3.5 Fighting
 + Level 3.4 Long Blades
 + Level 3.7 Armour
 + Level 0.3 Dodging
 + Level 0.2 Stealth
 + Level 3.3 Shields


You had 4 spell levels left.
You didn't know any spells.
Your spell library was empty.

Dungeon Overview and Level Annotations

Branches:
Dungeon (3/15)

Altars:

Portals:
Sewer: D:5


Message History

The jelly hits you.
You are splashed with acid.
The jelly closely misses you.
Found a dark potion.
You see here a dark potion.
An ufetubus comes into view.
The ufetubus shouts!
The jelly misses you.
You hear the rusting of a very distant drain.
You don't know any spells.
You don't know any spells.
Throw: throwing net
Press: ? - help, Q - select action Shift-Dir - straight line, f - jelly
Aim: a jelly (89% to hit)
You throw a throwing net. The throwing net hits the jelly.
The jelly is caught in the net!
The jelly struggles against the net.
The jelly struggles against the net.
The jelly struggles against the net.
The ufetubus closely misses you. The ufetubus hits you.
You barely miss the ufetubus. The ufetubus hits you.
The ufetubus completely misses you.
The jelly struggles against the net.
You block the ufetubus's attack. The ufetubus hits you.
* * * LOW HITPOINT WARNING * * *
You barely miss the ufetubus. The ufetubus barely misses you.
The ufetubus hits you.
* * * LOW HITPOINT WARNING * * *
The jelly struggles against the net.
The net rips apart, and the jelly comes free!
The ufetubus barely misses you. The ufetubus misses you.
You hit the ufetubus but do no damage. You block the ufetubus's attack.
The ufetubus misses you. x2; The ufetubus hits you.
* * * LOW HITPOINT WARNING * * *
The ufetubus closely misses you. The ufetubus completely misses you.
The ufetubus hits you.
* * * LOW HITPOINT WARNING * * *
You block the ufetubus's attack.
You are no longer corroded.
The ufetubus hits you but does no damage.
The ufetubus hits you.
You die...

.........#...#.....#
........ #........####
.#
.......####............
..###
.......................
....#
.............#.........
.........
..........####J..#####
##... #... .....!...##
##..## #...# #.
..#.....## #.5.# #...#
#. . ###...# #.@.#
#...# #. ##..# #...##
##..# ## #..# ##...#
#...# ##. #..##
#...####...#####.. .###
#...#
#............#....
.....#...##
#.......#.........
#.........#
##....#######......
#####.....#####...###
##..... ###..........##
#.....


You could see a jelly and an ufetubus.

Vanquished Creatures
  A hound (D:5)
  An adder (D:3)
  4 gnolls (D:3)
  An adder skeleton (D:5)
  A dart slug (D:2)
  3 bats (D:1)
  4 endoplasms
  A goblin (D:1)
  5 hobgoblins
  2 jackals (D:1)
  3 quokkas
  4 frilled lizards
  3 kobolds
  3 rats (D:1)
36 creatures vanquished.

Notes
Turn   | Place    | Note
-------+----------+-------------------------------------------
     0 | D:1      | seaoflcl the Human Fighter began the quest for the Orb.
     0 | D:1      | Reached XP level 1. HP: 18/18 MP: 1/1
   282 | D:1      | Found a faded altar of an unknown god.
   415 | D:1      | Reached XP level 2. HP: 8/24 MP: 2/2
  1128 | D:1      | Reached XP level 3. HP: 28/29 MP: 3/3
  2097 | D:3      | Reached XP level 4. HP: 24/35 MP: 4/4
  2388 | D:3      | You fall into a shaft and drop 2 floors!
  2388 | D:5      | Entered Level 5 of the Dungeon
  2388 | D:5      | Found a glowing drain.
  2393 | D:5      | Reached XP level 5. HP: 16/41 MP: 5/5
  2648 | D:5      | HP: 1/41 [ufetubus (5)]
  2649 | D:5      | Slain by an ufetubus

Illustrated notes

Levels and vault maps discovered:
D:1:      beargit_arrival_diablo_church, layout_loops_corners,
          hellmonk_ecumenical_altar_zigzags
D:2:      layout_loops_ring
D:3:      layout_rooms
D:5:      layout_layer_cave, gup_sewer_entry_glass

Skill      XL: |  1  2  3  4 |
---------------+-------------+-----
Long Blades    | 3 |  3.4
Fighting       | |  3.5
Armour         | |  3.7
Dodging        | |  0.3
Stealth        | |  0.2
Shields        | |  3.3

Action                   |  1- 3 |  4- 6 || total
-------------------------+-------+-------++-------
Melee: Long sword        |    81 |    36 ||   117
Throw: Throwing net      |       |     1 ||     1
  Use: Potion            |     2 |     1 ||     3
       Scroll            |     1 |       ||     1
Armor: Scale mail        |    45 |    11 ||    56
Dodge: Dodged            |    46 |    41 ||    87
Block: Buckler           |    26 |    13 ||    39
